 Dungeon Crawl Stone Soup version 0.32-a0-918-g0f22ef8d61 (webtiles) character file.

Game seed: 6227047195339099090

25888 Griffin23 the Fencer (level 12, -5/117 HPs)
             Began as a Minotaur Fighter on Apr 11, 2024.
             Was an Elder of Zin (penitent).
             Slain by a dream sheep (21 damage)
             ... on level 2 of the Lair of Beasts.
             The game lasted 00:31:46 (19700 turns).

Griffin23 the Fencer (Minotaur Fighter)            Turns: 19700, Time: 00:31:46

Health: -5/117     AC: 20    Str: 24    XL:     12   Next: 93%
Magic:  6/14       EV:  2    Int:  5    God:    Zin [****..]
Gold:   697        SH:  0    Dex: 12    Spells: 11/11 levels left

rFire   . . .        g - +1 scimitar (flame)
rCold   . . .        c - +0 buckler
rNeg    . . .        z - +0 plate armour
rPois   .            (helmet restricted)
rElec   .            m - +1 cloak {Will+}
rCorr   +            y - +0 pair of gloves
SInv    +            (no boots)
Will    +....        K - amulet of reflection Stlth
                     p - ring of see invisible
HPRegen 0.39/turn    D - ring of resist corrosion
MPRegen 0.14/turn

%: reflection
@: sleeping
A: horns 2, retaliatory headbutt
a: Renounce Religion, Donate Gold


You were on level 2 of the Lair of Beasts.
You worshipped Zin.
Zin was demanding penance.
You visited 2 branches of the dungeon, and saw 14 of its levels.
You also visited: Ossuary.

You collected 774 gold pieces.
You donated 77 gold pieces to Zin.

Inventory:

Hand Weapons
 a - a +0 long sword
 g - a +1 scimitar of flaming (weapon)
 E - a +1 long sword of electrocution
Missiles
 h - 3 boomerangs (quivered)
Armour
 b - a +0 scale mail
 c - a +0 buckler (worn)
 m - a +1 cloak of willpower (worn)
 x - a +0 chain mail
 y - a +0 pair of gloves (worn)
 z - a +0 plate armour (worn)
 F - +0 swamp dragon scales
Jewellery
 i - a ring of wizardry
 o - an amulet of regeneration
 p - a ring of see invisible (left hand)
 s - a ring of ice
 A - an amulet of guardian spirit
 D - a ring of resist corrosion (right hand)
 I - a ring of magical power
 K - an amulet of reflection (around neck)
 L - a ring of ice
Wands
 l - a wand of mindburst (8)
Scrolls
 d - 2 scrolls of poison
 f - a scroll of amnesia
 j - a scroll of identify
 k - a scroll of enchant weapon
 q - 3 scrolls of enchant armour
 r - 2 scrolls of teleportation
 t - 3 scrolls of fog
 v - a scroll of fear
 w - a scroll of summoning {unknown}
 C - a scroll of vulnerability
Potions
 e - a potion of invisibility {unknown}
 n - 3 potions of attraction
 u - a potion of magic
 B - 2 potions of ambrosia


   Skills:
 + Level 14.1 Fighting
 - Level 16.0 Long Blades
 + Level 14.1 Armour
 - Level 5.0 Shields
 + Level 4.0 Invocations
 + Level 3.6 Evocations


You had 11 spell levels left.
You didn't know any spells.
Your spell library contained the following spells:

 Spells                   Type           Power      Damage    Failure   Level
 Sting                    Conj/Alch      0%         1d3       99%         1
 Cigotuvi's Dreadful Rot  Necr/Alch/Air  0%         N/A       100%        2
 Mercury Vapours          Alch/Air       0%         N/A       100%        2
 Sublimation of Blood     Necr           0%         N/A       100%        2
 Volatile Blastmotes      Fire/Tloc      0%         2d10      100%        3
 Cause Fear               Hex            0%         N/A       100%        4
 Fulminant Prism          Conj/Alch      0%         3d5       100%        4
 Ignite Poison            Fire/Alch      0%         N/A       100%        4
 Iskenderun's Mystic Bla Conj/Tloc 0%             2d3        (+2d1     100%        4
 Olgreb's Toxic Radiance  Alch           0%         N/A       100%        4
 Petrify                  Alch/Erth      0%         N/A       100%        4
 Summon Blazeheart Golem  Fire/Summ      0%         N/A       100%        4
 Fireball                 Conj/Fire      0%         3d3       100%        5
 Freezing Cloud           Conj/Ice/Air   0%         6-21      100%        5
 Irradiate                Conj/Alch      0%         3d11      100%        5
 Orb of Destruction       Conj           0%         9d5       100%        7
 Spellforged Servitor     Conj/Summ      0%         N/A       100%        7
 Dragon's Call            Summ           0%         N/A       100%        9


Dungeon Overview and Level Annotations

Branches:
Dungeon (12/15)            Temple (0/1) D:7            Lair (2/5) D:11
  Snake (0/4) Lair:2          Orc (0/2) D:11        Ossuary (visited)
  Swamp: Lair:2-3    Shoals: Lair:2-3

Altars:
Dithmenos
Makhleb
Nemelex Xobeh
Ru
Trog
Vehumet
Zin

Shops:
D:1 *   D:3 [   D:7 (   D:10 =

Annotations:
D:10 4 transporters


Innate Abilities, Weirdness & Mutations

You have a pair of horns on your head.
You reflexively headbutt those who attack you in melee.


Message History

You can no longer call upon Zin to create a sanctuary.
As you read the scroll of teleportation, it crumbles to dust.
You feel strangely unstable.
Aiming: Mindburst
Press: ? - help, Shift-Dir - straight line, f - boulder beetle
Aim: a boulder beetle (sanctuary, severely wounded, fleeing, chance to affect: 62%)
The boulder beetle resists with significant effort.
Zin revokes the gift of sanctuary.
You feel guilty. "You will pay for your transgression, mortal!"
The blink frog blinks!
The boulder beetle leaps!
The blink frog blinks!
Aiming: Mindburst
Press: ? - help, Shift-Dir - straight line, f/p - boulder beetle
Aim: a boulder beetle (severely wounded, chance to affect: 62%)
The boulder beetle's mind is blasted!!
The boulder beetle leaps!
Aiming: Mindburst
Press: ? - help, Shift-Dir - straight line, f/p - boulder beetle
Aim: a boulder beetle (almost dead, chance to affect: 62%)
The boulder beetle's mind is blasted!
You blow up the boulder beetle!
Your Invocations skill increases to level 4!
Your surroundings suddenly seem different. 4 dream sheep, a basilisk, a scorpion and 2 blink frogs come into view.
Found 21 gold pieces, a leather armour, 5 stones and a book of Callings.
Found a stone staircase leading up.
The dream sheep bleats! x4; The basilisk hisses angrily.
The blink frog gives a loud, deep croak! x2
You hear a loud, deep croak! x2; You hear an angry hiss.
A blink frog comes into view. x2; A cane toad comes into view.
A komodo dragon comes into view.
The basilisk hisses menacingly.
The dream sheep shake their wool and sparkle.
You feel drowsy...
You fall asleep.
The blink frog blinks!
You hear a bellow! x8
The blink frog gives a loud, deep croak!
You hear a bellow!
A blink frog comes into view.
The dream sheep headbutts you!!
You die...

# ##. # #...
.##
..#..P###.FF#[#
...$Y..@s....l.
.....lYFF......
.....Y.F.......
(..Y...........
..........<....
..:............
.....F.........
...............


You could see a komodo dragon, a cane toad, a basilisk, 5 blink frogs, 4 dream
sheep and a scorpion.

Vanquished Creatures
  A hydra (D:11)
  Erica (Lair:1)
  A catoblepas (Lair:1)
  3 boulder beetles
  A two-headed ogre (D:7)
  Amaemon (D:8)
  4 manticores
  2 ugly things (D:11)
  Maurice (D:8)
  An oklob plant (D:11)
  4 cyclopes
  Joseph (D:8)
  An orange demon (D:8)
  Maggie (D:10)
  A gargoyle (D:11)
  Jeremiah (D:8)
  A cane toad (Lair:2)
  5 komodo dragons
  3 trolls
  5 blink frogs
  7 spriggans (D:11)
  A shadow (D:11)
  4 wraiths
  2 wyverns
  A basilisk (Lair:1)
  29 yaks
  3 steam dragons (D:7)
  Grum (D:10)
  An acid dragon (D:11)
  5 water moccasins
  Duvessa (D:4)
  5 orc warriors
  2 black bears (D:7)
  A sky beast (D:6)
  An ogre (D:4)
  3 wolves
  2 phantoms
  4 centaurs
  A kobold brigand (D:8)
  A weeping skull (Ossuary)
  2 scorpions (D:6)
  6 bullfrogs
  2 gnoll sergeants (D:9)
  11 wights
  A burial acolyte (Ossuary)
  Dowan (D:4)
  4 electric eels
  A howler monkey (D:10)
  A vampire bat (Lair:1)
  A bombardier beetle (D:6)
  4 hounds
  A centaur zombie (Ossuary)
  9 orc priests
  2 jellies
  2 gnoll boudas
  2 iguanas
  Jessica (D:3)
  2 sleepcaps (D:5)
  Natasha (D:3)
  6 orc wizards
  A scorpion zombie (D:2)
  3 hound zombies (D:4)
  A hound skeleton (D:4)
  4 mummies (Ossuary)
  22 gnolls
  5 adders
  A shadow imp (D:6)
  A white imp (D:8)
  6 ufetubi
  A dart slug (D:2)
  52 orcs
  7 endoplasms
  2 giant cockroaches
  7 goblins
  2 hobgoblins
  7 jackals
  7 quokkas
  5 ball pythons
  A ball python skeleton (D:2)
  9 bats
  2 frilled lizards
  2 giant cockroach zombies (D:2)
  A gnoll zombie (Ossuary)
  6 kobolds
  3 kobold zombies (Ossuary)
  3 orc zombies (Ossuary)
  A quokka zombie (D:2)
  4 rats (D:1)
340 creatures vanquished.

Vanquished Creatures (others)
  An orc wizard (D:9)
1 creature vanquished.

Grand Total: 341 creatures vanquished

Notes
Turn   | Place    | Note
-------+----------+-------------------------------------------
     0 | D:1      | Griffin23 the Minotaur Fighter began the quest for the Orb.
     0 | D:1      | Reached XP level 1. HP: 19/19 MP: 0/0
   155 | D:1      | Reached XP level 2. HP: 26/27 MP: 1/1
   273 | D:1      | Found a faded altar of an unknown god.
   276 | D:1      | Reached skill level 3 in Long Blades
   287 | D:1      | Found Pesemm's General Store.
   298 | D:1      | Prayed at the altar of an unknown god.
   298 | D:1      | Became a worshipper of Zin the Law-Giver
   298 | D:1      | Reached * piety under Zin
   532 | D:1      | Reached ** piety under Zin
   546 | D:1      | Reached XP level 3. HP: 33/33 MP: 2/2
  1048 | D:2      | Reached XP level 4. HP: 40/40 MP: 3/3
  2036 | D:3      | Noticed Jessica
  2039 | D:3      | Killed Jessica
  2040 | D:3      | Reached skill level 4 in Long Blades
  2333 | D:3      | Found Vasour's Antique Armour Emporium.
  2462 | D:3      | Noticed Natasha
  2471 | D:3      | Killed Natasha
  2472 | D:3      | Reached XP level 5. HP: 47/47 MP: 4/4
  2776 | D:4      | Found a sand-covered staircase.
  2780 | D:4      | Reached *** piety under Zin
  2792 | Ossuary  | Entered an ossuary
  2840 | Ossuary  | Reached skill level 5 in Long Blades
  2840 | Ossuary  | Reached XP level 6. HP: 32/55 MP: 2/5
  2873 | Ossuary  | Reached skill level 5 in Armour
  2873 | Ossuary  | Reached skill level 5 in Shields
  2875 | Ossuary  | Reached skill level 5 in Fighting
  3130 | D:4      | Noticed Duvessa
  3130 | D:4      | Noticed Dowan
  3135 | D:4      | Reached skill level 6 in Long Blades
  3138 | D:5      | Entered Level 5 of the Dungeon
  3364 | D:4      | Reached XP level 7. HP: 57/61 MP: 6/6
  3726 | D:4      | Killed Duvessa
  3738 | D:4      | Killed Dowan
  4243 | D:5      | Reached skill level 7 in Long Blades
  5542 | D:6      | Reached **** piety under Zin
  5586 | D:6      | Reached XP level 8. HP: 32/71 MP: 4/7
  5791 | D:6      | Reached skill level 8 in Long Blades
  6105 | D:6      | Reached skill level 9 in Long Blades
  6191 | D:6      | Found a burning altar of Makhleb.
  6557 | D:7      | Reached skill level 10 in Long Blades
  6557 | D:7      | Reached XP level 9. HP: 36/81 MP: 8/8
  6826 | D:7      | Found a radiant altar of Vehumet.
  7276 | D:7      | Found a sacrificial altar of Ru.
  7320 | D:7      | Identified the +6 leather armour of Gadanuc {+Blink Fly
                  | Regen+}
  7396 | D:7      | Found a staircase to the Ecumenical Temple.
  7425 | D:7      | Reached skill level 11 in Long Blades
  7447 | D:7      | Found Saheg's Weapon Shoppe.
  7563 | D:7      | Found a bloodstained altar of Trog.
  7774 | D:8      | Found a shadowy altar of Dithmenos.
  7858 | D:8      | Reached skill level 12 in Long Blades
  7871 | D:8      | Reached XP level 10. HP: 74/91 MP: 9/9
  8303 | D:8      | Noticed Jeremiah
  8350 | D:8      | Killed Jeremiah
  8598 | D:8      | Noticed Joseph
  8600 | D:8      | Noticed Amaemon
  8618 | D:8      | Noticed an orange demon
  8825 | D:8      | Noticed a two-headed ogre
  9113 | D:8      | Noticed Maurice
  9125 | D:8      | Maurice stole a ring of wizardry
  9127 | D:8      | Maurice stole a boomerang
  9129 | D:8      | Killed Maurice
  9211 | D:8      | Reached ***** piety under Zin
  9241 | D:8      | Reached skill level 13 in Long Blades
  9524 | D:8      | Reached skill level 10 in Fighting
  9524 | D:8      | Reached skill level 10 in Armour
  9672 | D:8      | Found a sparkling altar of Nemelex Xobeh.
  9686 | D:8      | Killed Joseph
  9904 | D:7      | Killed a two-headed ogre
 10108 | D:8      | Killed Amaemon
 10109 | D:8      | Reached skill level 14 in Long Blades
 10434 | D:8      | Killed an orange demon
 10435 | D:8      | Reached XP level 11. HP: 52/101 MP: 7/10
 12424 | D:10     | Entered Level 10 of the Dungeon
 12424 | D:10     | Noticed Maggie
 12444 | D:10     | Killed Maggie
 12686 | D:10     | Found a transporter.
 12689 | D:10     | Noticed Grum
 12775 | D:10     | Killed Grum
 12869 | D:10     | Found Febbaph's Jewellery Emporium.
 13088 | D:10     | Reached skill level 15 in Long Blades
 13211 | D:10     | Found a transporter.
 13234 | D:10     | Found a transporter.
 13512 | D:10     | Found a transporter.
 13767 | D:11     | Noticed a four-headed hydra
 14001 | D:11     | Noticed a brown ugly thing
 15258 | D:11     | Reached skill level 16 in Long Blades
 15431 | D:11     | Found a staircase to the Orcish Mines.
 15617 | D:11     | Noticed a red ugly thing
 15629 | D:11     | Killed a red ugly thing
 15634 | D:11     | Killed a red ugly thing
 15635 | D:11     | Reached XP level 12. HP: 60/113 MP: 11/11
 15786 | D:11     | Noticed a boulder beetle
 15823 | D:11     | Killed a boulder beetle
 16043 | D:11     | Found a staircase to the Lair.
 16090 | D:11     | Noticed a boulder beetle
 16128 | D:11     | Killed a boulder beetle
 17473 | Lair:1   | Entered Level 1 of the Lair of Beasts
 17556 | Lair:1   | Reached skill level 1 in Invocations
 17656 | Lair:1   | Noticed Erica
 17663 | Lair:1   | Killed Erica
 17664 | Lair:1   | Reached skill level 1 in Evocations
 18060 | Lair:1   | Noticed a catoblepas
 18195 | D:11     | Killed a two-headed hydra
 18350 | Lair:1   | Killed a catoblepas
 18366 | D:11     | HP: 4/116 [blink frog (13)]
 19512 | Lair:2   | Found a staircase to the Snake Pit.
 19663 | Lair:2   | Noticed a boulder beetle
 19696 | Lair:2   | Was placed under penance by Zin
 19698 | Lair:2   | Killed a boulder beetle
 19700 | Lair:2   | Slain by a dream sheep

Illustrated notes

Levels and vault maps discovered:
D:1:      dpeg_arrival_boxorama, layout_loops_ring, serial_shops,
          nicolae_shop_hallway_plus, dreamdust_ecumenical_altar_grove,
          minmay_cupped
D:2:      layout_basic, serial_undead, serial_undead_c, serial_undead_c,
          serial_undead_c, serial_undead_c
D:3:      layout_loops_corners, serial_shops, nicolae_shop_crystal,
          uniq_natasha, uniq_jessica
D:4:      layout_cave_pods, mainiacjoe_ossuary_entry_find_the_door,
          minmay_misc_feat_nine_boxes, uniq_duvessa
D:5:      layout_basic
D:6:      layout_rooms, makhleb_blood_cavern_becter
D:7:      layout_loops_cross, nicolae_vehumet_radiance, trog_book,
          nicolae_ru_awakened_eye, minmay_temple_entry_arrows, serial_shops,
          nicolae_stop_n_shop_2, minivault_25
D:8:      minmay_recursive_quarters, layout_basic,
          nicolae_dithmenos_the_darkroom, nemelex_altar_shiori, uniq_amaemon,
          uniq_jeremiah, uniq_joseph, uniq_maurice
D:9:      layout_basic
D:10:     statuecave_lemuel, layout_irregular_city, serial_shops, shop,
          nicolae_diode_intersection, uniq_grum, uniq_maggie
D:11:     kb_forest_paths, layout_irregular_city, dpeg_oklobed_lair
D:12:     layout_basic
Lair:1:   layout_chaotic_city, roderic_batcave, uniq_erica
Lair:2:   layout_small_grid, elwin_shoals_entry_rocks, dummy_snake_entry,
          minmay_shattered_shrine

Skill      XL: |  1  2  3  4  5  6  7  8  9 10 11 12 |
---------------+-------------------------------------+-----
Long Blades    | 3 4 5 6 7 10 12 14 16 | 16.0
Shields        | 4 5 |  5.0
Fighting       | 4 5 6 7 9 10 12 14 | 14.1
Armour         | 4 5 6 7 9 10 12 14 | 14.1
Invocations    | 4 |  4.0
Evocations     | 3 |  3.6

Action                     |  1- 3 |  4- 6 |  7- 9 | 10-12 || total
---------------------------+-------+-------+-------+-------++-------
  Melee: Long sword        |    72 |   113 |   362 |   705 ||  1252
         Headbutt          |     8 |    24 |    61 |   213 ||   306
         Scimitar          |       |       |       |   151 ||   151
  Throw: Boomerang         |       |       |       |     3 ||     3
 Invoke: Vitalisation      |       |     1 |     2 |       ||     3
         Recite            |       |     1 |       |       ||     1
         Sanctuary         |       |       |       |     2 ||     2
  Evoke: Wand              |       |       |       |    33 ||    33
    Use: Potion            |       |     1 |     6 |     7 ||    14
         Scroll            |       |     2 |     5 |    18 ||    25
   Stab: Paralysed         |       |       |       |    12 ||    12
 Armour: Scale mail        |    45 |    81 |    10 |       ||   136
         Chain mail        |       |       |   252 |       ||   252
         Plate armour      |       |       |    49 |   822 ||   871
  Dodge: Dodged            |    38 |    52 |   130 |   253 ||   473
  Block: Buckler           |    16 |    29 |    80 |   264 ||   389
         Reflection        |       |       |       |     2 ||     2

Table legend: (Time is in decaauts)
 A = Elapsed time spent in this place.
 B = Non-inter-level travel time spent in this place.
 C = Inter-level travel time spent in this place.
 D = Time resting spent in this place.
 E = Time spent auto-exploring this place.
 F = Levels seen in this place.
 G = Mean time per level.
                   A        B        C        D        E       F      G
               +--------+--------+--------+--------+--------+-----+--------+
         Total |  19514 |  18586 |    928 |   3130 |  12092 |  15 | 1300.9 |
       Dungeon |  17699 |  16790 |    909 |   2899 |  10974 |  12 | 1474.9 |
          Lair |   1535 |   1517 |     18 |    223 |   1016 |   2 |  767.5 |
       Ossuary |    279 |    279 |      0 |      8 |    102 |   1 |  279.0 |
               +--------+--------+--------+--------+--------+-----+--------+

Top non-repeatable levels by time:
    D:11: 3123 daAuts
     D:8: 2597 daAuts
    D:10: 1811 daAuts
     D:9: 1786 daAuts
     D:7: 1648 daAuts
  Lair:1: 1334 daAuts
     D:5: 1260 daAuts
     D:6: 1166 daAuts
     D:4: 1095 daAuts
     D:2: 1079 daAuts
     D:3: 850 daAuts
     D:1: 835 daAuts
    D:12: 444 daAuts
 Ossuary: 279 daAuts
  Lair:2: 200 daAuts
